 Dungeon Crawl Stone Soup version 0.31-a0-844-gdc52ec4e09 (webtiles) character file.

Game seed: 2959162997730606389

3082 kae the Basher (level 10, -4/70 HPs)
             Began as a Formicid Fighter on Sept 29, 2023.
             Was a Follower of Makhleb.
             Slain by Joseph
             ... wielding a +2 spectral quarterstaff
              (16 damage)
             ... on level 7 of the Dungeon.
             The game lasted 00:05:15 (6907 turns).

kae the Basher (Formicid Fighter)                   Turns: 6907, Time: 00:05:16

Health: -4/70      AC:  7    Str: 25    XL:     10   Next: 12%
Magic:  15/15      EV:  9    Int:  8    God:    Makhleb [*.....]
Gold:   326        SH:  6    Dex: 13    Spells: 9/9 levels left

rFire   . . .        a - +1 flail
rCold   . . .        c - +0 buckler
rNeg    . . .        b - +1 scale mail
rPois   .            (helmet unavailable)
rElec   .            (no cloak)
rCorr   .            (no gloves)
SInv    +            (no boots)
Will    +....        k - amulet of magic regeneration Stlth
                     Y - +4 ring of slaying
HPRegen 0.31/turn    y - +4 ring of slaying
MPRegen 0.54/turn

%: no passive effects
@: no status effects
A: permanent stasis, dig shafts and tunnels, antennae 3, four strong arms
a: Dig, Shaft Self, Renounce Religion


You were on level 7 of the Dungeon.
You worshipped Makhleb.
Makhleb was aware of your devotion.
You visited 2 branches of the dungeon, and saw 8 of its levels.
You also visited: Sewer.

You collected 326 gold pieces.


Innate Abilities, Weirdness & Mutations

You cannot be hasted, slowed, berserked, paralysed or teleported.
You can dig through walls and to a lower floor.
You have a pair of large antennae on your head. (SInv)
Your four strong arms can wield two-handed weapons with a shield.


   Skills:
 - Level 3.2 Fighting
 + Level 10.8 Maces & Flails
 - Level 3.2 Armour
 - Level 8.0 Shields
 + Level 7.6 Invocations


You had 9 spell levels left.
You didn't know any spells.
Your spell library contained the following spells:

 Spells                   Type           Power      Damage    Failure   Level
 Tukima's Dance           Hex            0%         N/A       98%         3
 Passage of Golubria      Tloc           0%         N/A       100%        4
 Yara's Violent Unravell  Hex/Tmut       0%         3d3       100%        5

Inventory:

Hand Weapons
 a - a +1 flail (weapon)
Missiles
 f - 47 stones
 h - 17 poisoned darts
 p - 6 atropa-tipped darts
Armour
 b - a +1 scale mail (worn)
 c - a +0 buckler (worn)
Magical Staves
 o - a staff of poison {!a}
   (You found it on level 4 of the Dungeon)
Jewellery
 k - an amulet of magic regeneration (around neck)
   (You found it on level 2 of the Dungeon)
 y - a +4 ring of slaying (right hand)
   (You found it on level 3 of the Dungeon)
 F - a ring of fire
   (You found it on level 1 of the Dungeon)
 G - an amulet of guardian spirit
   (You found it on level 6 of the Dungeon)
 Y - a +4 ring of slaying (left hand)
   (You found it on level 2 of the Dungeon)
Wands
 t - a wand of paralysis (19)
   (You found it on level 6 of the Dungeon)
Scrolls
 g - a scroll of poison {!r}
 v - a scroll of fog {unknown}
Potions
 d - a potion of might
 e - a potion of magic
 i - 5 potions of curing {@q1}
 j - 2 potions of degeneration {!q}
 l - 2 potions of heal wounds {@q2}
 m - a potion of resistance {unknown}
 n - 3 potions of enlightenment
 q - 2 potions of brilliance {unknown}
 r - a potion of berserk rage {unknown}
 s - a potion of lignification {unknown}
 u - a potion of haste {unknown}

Dungeon Overview and Level Annotations

Branches:
Dungeon (7/15) Zot: 26481  Temple (1/1) D:5 Zot: 5848   Sewer (visited)

Altars:
Ashenzari
Cheibriados
Dithmenos
Elyvilon
Fedhas
Hepliaklqana
Kikubaaqudgha
Makhleb
Nemelex Xobeh
Okawaru
Qazlal
Ru
Sif Muna
Trog
Vehumet
Wu Jian
Xom
Yredelemnul
Zin
The Shining One

Annotations:
D:7 Joseph

#.. ..... ... ...
....# .... ###.##
.....# S...###....#
,....##
..#..#.....###......
....................
.โ‰ˆ..........(.......
............@@......
#......รท[....#......
........<....# .....
.โ‰ˆ.....).....?......
....................
..#..#.............#
โ‰ˆ..........#......##
..#.....#.........#
....#...#......#...


You could see Joseph and a +2 spectral quarterstaff.


Message History

There is a stone staircase leading up, spattered with blood here. ๐Ÿ˜• HP[-1]
You take 1 damage, and now have 69/70 hp.
You block the water moccasin's attack.
Joseph shoots a sling bullet.
The sling bullet hits you. The water moccasin closely misses you.
You climb upwards.
There is a stone staircase leading down, spattered with blood here.
Unknown command. ๐Ÿ˜• HP[-4]
You take 4 damage, and now have 65/70 hp.
Unknown command.
You bludgeon the water moccasin!! The water moccasin bites you.
You are poisoned.
The water moccasin poisons you!
You closely miss the water moccasin.
You feel very sick. The water moccasin closely misses you.
You sock the water moccasin!
You feel sick.
The water moccasin bites you. ๐Ÿ˜• HP[-12]
You take 12 damage, and now have 53/70 hp.
You miss the water moccasin.
You feel sick.
The water moccasin closely misses you. ๐Ÿ˜ฎ HP[-1]
You take 1 damage, and now have 52/70 hp.
Unknown command.
You sock the water moccasin!
You kill the water moccasin!
Makhleb accepts your kill.
You feel sick. ๐Ÿ˜ฎ HP[-2]
You take 2 damage, and now have 50/70 hp.
Unknown command.
You feel sick.
You now have 326 gold pieces (gained 7).
Things that are here:
a +0 robe; a +0 dagger; a water moccasin corpse You feel sick. ๐Ÿ˜ฎ HP[-1]
You take 1 damage, and now have 49/70 hp.
You feel sick. ๐Ÿ˜ฎ HP[-1]
You take 1 damage, and now have 48/70 hp.
Unknown command.
You start resting.
You feel sick. x2
You are no longer poisoned. ๐Ÿ˜ฎ HP[-1]
You take 1 damage, and now have 47/70 hp.
Things that are here:
a +0 robe; a +0 dagger; a water moccasin corpse You start resting. ๐Ÿ˜• HP[+12]
You regained 12 hp, and now have 59/70 hp.
There is a stone staircase leading down, spattered with blood here.
You start resting. ๐Ÿ˜Ž HP[+11]
Your hp is fully restored (70).
You climb downwards.
Level annotation: Joseph Joseph shoots a sling bullet.
The sling bullet hits you!
There is a stone staircase leading up, spattered with blood here. ๐Ÿ˜• HP[-8]
You take 8 damage, and now have 62/70 hp.
You climb upwards.
There is a stone staircase leading down, spattered with blood here. ๐Ÿ˜• HP[+1]
You start resting. ๐Ÿ˜Ž HP[+7]
Your hp is fully restored (70).
You climb downwards.
Level annotation: Joseph Joseph shoots a sling bullet.
The sling bullet closely misses you.
Joseph shoots a sling bullet.
The sling bullet hits you!
There is a stone staircase leading up, spattered with blood here. ๐Ÿ˜• HP[-12]
You take 12 damage, and now have 58/70 hp.
Joseph shoots a sling bullet.
The sling bullet hits you! ๐Ÿ˜ฎ HP[-12]
You take 12 damage, and now have 46/70 hp.
Joseph shoots a sling bullet.
The sling bullet completely misses you.
Joseph unwields a +0 sling.
Joseph wields a +2 spectral quarterstaff.
Joseph hits you with a +2 spectral quarterstaff.
The +2 spectral quarterstaff barely misses you.
A +2 spectral quarterstaff comes into view. ๐Ÿ˜ฎ HP[-3]
You take 3 damage, and now have 43/70 hp.
You bludgeon Joseph!!
The +2 spectral quarterstaff hits you but does no damage.
You sock Joseph! The +2 spectral quarterstaff hits you.
You block Joseph's attack.
The +2 spectral quarterstaff misses you.
The +2 spectral quarterstaff hits you!
* * * LOW HITPOINT WARNING * * *
๐Ÿ˜จ HP[-20]
You take 20 damage, and now have 23/70 hp.
MASSIVE DAMAGE!! (PAUSE)
You sock Joseph! The +2 spectral quarterstaff hits you!
* * * LOW HITPOINT WARNING * * *
Joseph hits you with a +2 spectral quarterstaff!
You die...

Skill      XL: |  1  2  3  4  5  6  7  8  9 |
---------------+----------------------------+-----
Maces & Flails | 3 4 5 6 7 9 10 | 10.8
Shields        | 5 7 8 |  8.0
Invocations    | 2 7 |  7.6
Fighting       | |  3.2
Armour         | |  3.2

Action                     |  1- 3 |  4- 6 |  7- 9 | 10-12 || total
---------------------------+-------+-------+-------+-------++-------
  Melee: Flail             |    94 |   138 |   262 |    28 ||   522
Ability: Dig               |       |       |     2 |       ||     2
  Evoke: Wand              |       |     5 |       |       ||     5
    Use: Scroll            |       |     6 |     3 |       ||     9
 Armour: Scale mail        |    74 |    78 |   183 |    31 ||   366
  Dodge: Dodged            |    46 |    60 |   128 |    14 ||   248
  Block: Buckler           |    27 |    35 |    70 |    10 ||   142

Levels and vault maps discovered:
D:1:      evilmike_arrival_rings, layout_basic,
          hellmonk_ecumenical_altar_heavens_door
D:2:      layout_loops_ring, corner_web_ring
D:3:      layout_rooms, uniq_ijyb, uniq_robin
D:4:      layout_basic, kennysheep_little_box, nicolae_vehumet_altar_sigil,
          portal_sewer_entry_d
D:5:      layout_loops_ring, minmay_temple_entry_stoned_glass,
          nicolae_hexahallways, uniq_blork_the_orc, uniq_eustachio
D:6:      layout_gridville, okawaru_metal_pillars_3, uniq_pikel,
          uniq_prince_ribbit1
D:7:      layout_cave_pools, serial_shops, shop, nicolae_stop_n_shop_1,
          nicolae_shop_pleasant_corner_grove, shop, shop,
          nicolae_kite_square_tiling_tiny, kennysheep_small_spiral, uniq_joseph,
          uniq_menkaure, uniq_duvessa
Temple:   minmay_temple_bridge_d

Notes
Turn   | Place    | Note
-------+----------+-------------------------------------------
     0 | D:1      | kae the Formicid Fighter began the quest for the Orb.
     0 | D:1      | Reached XP level 1. HP: 18/18 MP: 1/1
     0 | D:1      | magus.rc [v1.11.3]
    83 | D:1      | Found a faded altar of an unknown god.
   141 | D:1      | Reached XP level 2. HP: 24/24 MP: 2/2
   187 | D:1      | Reached skill level 3 in Maces & Flails
   258 | D:1      | Reached XP level 3. HP: 29/29 MP: 3/3
  1057 | D:1      | Reached skill level 4 in Maces & Flails
  1057 | D:1      | Reached XP level 4. HP: 32/35 MP: 4/4
  1676 | D:3      | Noticed Ijyb
  1685 | D:3      | Killed Ijyb
  1686 | D:3      | Reached skill level 5 in Maces & Flails
  1686 | D:3      | Reached XP level 5. HP: 20/41 MP: 5/5
  1793 | D:3      | Noticed Robin
  1821 | D:3      | Killed Robin
  2318 | D:4      | Reached XP level 6. HP: 41/47 MP: 6/6
  2378 | D:4      | Noticed an ogre
  2387 | D:4      | Killed an ogre
  2388 | D:4      | Reached skill level 6 in Maces & Flails
  2388 | D:4      | Reached skill level 5 in Shields
  2497 | D:4      | Reached XP level 7. HP: 47/52 MP: 7/7
  2540 | D:4      | Found a glowing drain.
  2559 | Sewer    | Entered a sewer
  2566 | Sewer    | Reached skill level 6 in Shields
  2827 | Sewer    | Found a glowing silver altar of Zin.
  3093 | D:4      | Found a radiant altar of Vehumet.
  3433 | D:4      | Found a snail-covered altar of Cheibriados.
  3465 | D:5      | Entered Level 5 of the Dungeon
  3485 | D:5      | Reached skill level 7 in Maces & Flails
  3509 | D:5      | Reached skill level 7 in Shields
  3578 | D:5      | Noticed Eustachio
  3591 | D:5      | Killed Eustachio
  3592 | D:5      | Reached XP level 8. HP: 31/58 MP: 8/8
  3879 | D:5      | Reached skill level 8 in Shields
  3926 | D:5      | Noticed Blork the orc
  3938 | D:5      | Killed Blork the orc
  3939 | D:5      | Reached skill level 8 in Maces & Flails
  4343 | D:5      | Found a staircase to the Ecumenical Temple.
  4369 | Temple   | Entered the Ecumenical Temple
  4452 | Temple   | Became a worshipper of Makhleb the Destroyer
  4885 | D:6      | Reached skill level 2 in Invocations
  4932 | D:6      | Reached skill level 9 in Maces & Flails
  4932 | D:6      | Reached XP level 9. HP: 53/64 MP: 9/11
  4985 | D:6      | Reached skill level 3 in Invocations
  5060 | D:5      | HP: 15/64 [orc/+0 flail (3)]
  5238 | D:6      | Reached skill level 4 in Invocations
  5445 | D:6      | Found an iron altar of Okawaru.
  5454 | D:6      | You add the spells Tukima's Dance, Passage of Golubria and
                  | Yara's Violent Unravelling to your library.
  5545 | D:6      | Reached * piety under Makhleb
  5800 | D:6      | Noticed Prince Ribbit
  5806 | D:6      | Killed Prince Ribbit
  5807 | D:6      | Reached skill level 5 in Invocations
  6224 | D:6      | Noticed Pikel
  6239 | D:6      | Killed Pikel
  6240 | D:6      | Reached skill level 10 in Maces & Flails
  6240 | D:6      | Reached skill level 6 in Invocations
  6492 | D:7      | Reached skill level 7 in Invocations
  6492 | D:7      | Reached XP level 10. HP: 69/70 MP: 15/15
  6492 | D:7      | Noticed Duvessa
  6502 | D:7      | Noticed Dowan
  6508 | D:7      | Killed Duvessa
  6669 | D:7      | Noticed Joseph
  6673 | D:6      | Killed Dowan
  6907 | D:7      | HP: 12/70 [+2 spectral quarterstaff[Joseph] (12)]
  6907 | D:7      | Slain by Joseph

Vanquished Creatures
  Pikel (D:6)
  Prince Ribbit (D:6)
  Eustachio (D:5)
  A steam dragon (D:6)
  A water moccasin (D:6)
  Duvessa (D:7)
  A black bear (D:6)
  A centaur (D:7)
  An ogre (D:4)
  A phantom (D:5)
  2 kobold brigands
  2 bullfrogs
  Blork the orc (D:5)
  5 scorpions
  Dowan (D:6)
  3 howler monkeys
  3 hounds
  2 jellies
  3 orc priests
  3 iguanas
  Ijyb (D:3)
  8 orc wizards
  Robin (D:3)
  7 gnolls
  5 adders
  4 river rats (Sewer)
  A white imp (D:5)
  A worm (D:4)
  3 dart slugs
  21 orcs
  9 ball pythons
  11 endoplasms
  5 giant cockroaches
  10 hobgoblins
  5 jackals
  11 kobolds
  2 quokkas
  10 bats
  3 frilled lizards (D:1)
  10 goblins
  5 rats
168 creatures vanquished.

Vanquished Creatures (others)
  A quokka (D:5)
1 creature vanquished.

Grand Total: 169 creatures vanquished

Table legend:
 A = Non-vault XP
 B = Vault XP
 C = Vault XP percentage of total XP
 D = Non-vault monster count
 E = Vault monster count
 F = Vault count percentage of total count
                 A         B        C        D         E       F
            +---------+---------+-------+---------+---------+-------
      Total |    2745 |    1659 |  37.7 |     138 |      30 |  17.9
            +---------+---------+-------+---------+---------+-------
        D:1 |      76 |       0 |   0.0 |      29 |       0 |   0.0
        D:2 |      56 |       0 |   0.0 |      17 |       0 |   0.0
        D:3 |      24 |      73 |  75.3 |      13 |      13 |  50.0
        D:4 |     466 |      13 |   2.7 |      26 |       1 |   3.7
        D:5 |     668 |     294 |  30.6 |      21 |       2 |   8.7
        D:6 |    1190 |     977 |  45.1 |      29 |       3 |   9.4
        D:7 |     265 |     142 |  34.9 |       3 |       1 |  25.0
      Sewer |       0 |     160 | 100.0 |       0 |      10 | 100.0
            +---------+---------+-------+---------+---------+-------

Skill      XL: |  1  2  3  4  5  6  7  8  9 |
---------------+----------------------------+-----
Maces & Flails | 3 4 5 6 7 9 10 | 10.8
Shields        | 5 7 8 |  8.0
Invocations    | 2 7 |  7.6
Fighting       | |  3.2
Armour         | |  3.2

Action                     |  1- 3 |  4- 6 |  7- 9 | 10-12 || total
---------------------------+-------+-------+-------+-------++-------
  Melee: Flail             |    94 |   138 |   262 |    28 ||   522
Ability: Dig               |       |       |     2 |       ||     2
  Evoke: Wand              |       |     5 |       |       ||     5
    Use: Scroll            |       |     6 |     3 |       ||     9
 Armour: Scale mail        |    74 |    78 |   183 |    31 ||   366
  Dodge: Dodged            |    46 |    60 |   128 |    14 ||   248
  Block: Buckler           |    27 |    35 |    70 |    10 ||   142

Illustrated notes

Table legend:
 A = Kills in this place as a percentage of kills in the entire game.
 B = Kills by you in this place as a percentage of kills by you in the entire game.
 C = Kills by friends in this place as a percentage of kills by friends in the entire game.
 D = Other kills in this place as a percentage of other kills in the entire game.
 E = Experience gained in this place as a percentage of experience gained in the entire game.
 F = Experience gained in this place divided by the number of levels of this place that you have seen.
                   A       B       C       D       E      F
               +-------+-------+-------+-------+-------+----------------------
         Total | 100.0 | 100.0 |   N/A |   N/A | 100.0 | 489.3
       Dungeon |  94.0 |  94.0 |   N/A |   N/A |  96.4 | 606.3
         Sewer |   6.0 |   6.0 |   N/A |   N/A |   3.6 | 160.0
               +-------+-------+-------+-------+-------+----------------------

Table legend: (Time is in decaauts)
 A = Elapsed time spent in this place.
 B = Non-inter-level travel time spent in this place.
 C = Inter-level travel time spent in this place.
 D = Time resting spent in this place.
 E = Time spent auto-exploring this place.
 F = Levels seen in this place.
 G = Mean time per level.
                   A        B        C        D        E       F      G
               +--------+--------+--------+--------+--------+-----+--------+
         Total |   7000 |   6674 |    326 |    959 |   4450 |   9 |  777.8 |
       Dungeon |   6509 |   6318 |    191 |    959 |   4164 |   7 |  929.9 |
        Temple |    151 |     16 |    135 |      0 |     15 |   1 |  151.0 |
         Sewer |    339 |    339 |      0 |      0 |    271 |   1 |  339.0 |
               +--------+--------+--------+--------+--------+-----+--------+

Top non-repeatable levels by time:
     D:6: 1799 daAuts
     D:5: 1430 daAuts
     D:1: 966 daAuts
     D:4: 939 daAuts
     D:2: 743 daAuts
     D:3: 569 daAuts
   Sewer: 339 daAuts
  Temple: 151 daAuts
     D:7: 59 daAuts
